 Dungeon Crawl Stone Soup version 0.27.1-1-g398f81649c (webtiles) character file.

Game seed: 11152731403549734920

5 Destapler the Stinger (level 1, -2/10 HPs)
             Began as a Deep Elf Venom Mage on Sept 14, 2021.
             Frozen to death by an endoplasm (5 damage)
             ... on level 1 of the Dungeon.
             The game lasted 00:00:28 (265 turns).

Destapler the Stinger (Deep Elf Venom Mage)          Turns: 265, Time: 00:00:28

Health: -2/10      AC:  2    Str:  5    XL:     1   Next: 66%
Magic:  3/6        EV: 12    Int: 19    God:
Gold:   0          SH:  0    Dex: 15    Spells: 5/6 levels left

rFire    . . .     SeeInvis .   c - +0 dagger
rCold    . . .     Faith    .   (no shield)
rNeg     . . .     Spirit   .   a - +0 robe
rPois    .         Reflect  .   (no helmet)
rElec    .         Harm     .   (no cloak)
rCorr    .         Rampage  .   (no gloves)
Will     .....                  (no boots)
Stlth    ++........             (no amulet)
HPRegen  0.03/turn              (no ring)
MPRegen  0.10/turn              (no ring)

@: no status effects
A: no striking features
a: no special abilities


You were on level 1 of the Dungeon.
You visited 1 branch of the dungeon, and saw 1 of its levels.

Inventory:

Hand Weapons
 c - a +0 dagger (weapon)
Armour
 a - a +0 robe (worn)
Potions
 b - a potion of lignification {unknown}
 d - a potion of might {unknown}


   Skills:
 + Level 2.5 Dodging
 + Level 2.6 Stealth
 + Level 3.1 Spellcasting
 + Level 1.2 Transmutations
 + Level 3.3 Poison Magic


You had 5 spell levels left.
You knew the following spells:

 Your Spells              Type           Power      Damage    Failure   Level
a - Sting                 Tmut/Pois      44%        1d5       6%          1

Your spell library contained the following spells:

 Spells                   Type           Power      Damage    Failure   Level
 Poisonous Vapours        Pois/Air       18%        N/A       12%         2
 Mephitic Cloud           Conj/Pois/Air  7%         N/A       28%         3
 Olgreb's Toxic Radiance  Pois           15%        N/A       36%         4


Dungeon Overview and Level Annotations

Branches:
Dungeon (1/15)

Altars:


Message History

An endoplasm comes into view.
An endoplasm is nearby!
An endoplasm is nearby!
An endoplasm is nearby!
A rat and a giant cockroach come into view.
An endoplasm comes into view.
The endoplasm quivers.
You can't see any susceptible monsters within range! (Use Z to cast anyway.)
The sting hits the endoplasm.
The endoplasm partially resists.
The endoplasm is poisoned.
The endoplasm is heavily wounded.
The endoplasm quivers.
The endoplasm hits you.
The sting hits the endoplasm.
The endoplasm looks even sicker.
The endoplasm is severely wounded.
You kill the endoplasm!
You can't see any susceptible monsters within range! (Use Z to cast anyway.)
A bat comes into view.
The sting misses the giant cockroach.
The giant cockroach misses you.
You closely miss the giant cockroach.
The giant cockroach bites you but does no damage.
The endoplasm barely misses you.
You hit the giant cockroach but do no damage.
The giant cockroach misses you. The endoplasm freezes you.
You are frozen.
You hit the giant cockroach but do no damage.
The giant cockroach bites you. The endoplasm misses you.
The giant cockroach misses you.
You closely miss the giant cockroach. The endoplasm freezes you.
You are frozen.
* * * LOW HITPOINT WARNING * * *
The giant cockroach bites you but does no damage.
You hit the giant cockroach.
The giant cockroach is heavily wounded.
The endoplasm freezes you.
You are frozen.
Ouch! That really hurt!
You die...

##.##### #.....#.......#####
#.....#...........#
###..†..#....##.###.#
........# #..###.##.########
###.....# #..#.!?#.........
#.....# #..#rb.#......#
#.#..## #.##B###......+ .#
#.##.# #.###@##......##.#
#†##.# #...J............#
###.##.##+###.#.##..........#
#...#......##... #.......##.#
#...'......##.## #..........#
#...#......##. #.......####
#...#......+. ##+#.####
#...#.(.)..## #.#.#
#...#).....# ####'#'######


You could see an endoplasm, a giant cockroach, a bat and a rat.

Vanquished Creatures
  An endoplasm (D:1)
  A goblin (D:1)
  A kobold (D:1)
  A ball python (D:1)
  A bat (D:1)
5 creatures vanquished.

Notes
Turn   | Place    | Note
-------+----------+-------------------------------------------
     0 | D:1      | Destapler the Deep Elf Venom Mage began the quest for the
                  | Orb.
     0 | D:1      | Reached XP level 1. HP: 10/10 MP: 6/6
   265 | D:1      | Frozen to death by an endoplasm

Illustrated notes

Levels and vault maps discovered:
D:1:      elethiomel_arrival_shortcut, layout_basic, minmay_pentomino_p4

Action                   || total
-------------------------++-------
Melee: Dagger            ||    11
       Unarmed           ||     3
 Cast: Sting             ||     9
Armor: Robe              ||     5
Dodge: Dodged            ||    20
